 Dungeon Crawl Stone Soup version 0.29.1-1-gd02db6906a (webtiles) character file.

Game seed: 17289780702916040265

72 Earthwalker the Shield-Bearer (level 4, 0/40 HPs)
             Began as a Minotaur Fighter on Oct 11, 2022.
             Slain by a jackal (3 damage)
             ... on level 1 of the Dungeon.
             The game lasted 00:02:47 (1123 turns).

Earthwalker the Shield-Bearer (Minotaur Fighter)    Turns: 1123, Time: 00:02:48

Health: 0/40       AC:  0    Str: 22    XL:     4   Next: 6%
Magic:  3/3        EV:  9    Int:  5    God:
Gold:   56         SH:  4    Dex: 10    Spells: 3/3 levels left

rFire   x . .      SeeInvis .   a - +0 trident
rCold   + . .      Faith    .   c - +0 buckler
rNeg    . . .      Spirit   .   b - +0 scale mail
rPois   .          Reflect  .   (helmet restricted)
rElec   .          Harm     .   (no cloak)
rCorr   .          Rampage  .   (no gloves)
Will    .....                   (no boots)
Stlth   ..........              (no amulet)
HPRegen 0.13/turn               g - ring of ice
MPRegen 0.08/turn               (no ring)

@: corroded
A: horns 2, retaliatory headbutt
a: no special abilities


You were on level 1 of the Dungeon.
You visited 1 branch of the dungeon, and saw 1 of its levels.

You collected 56 gold pieces.

Inventory:

Hand Weapons
 a - a +0 trident (weapon)
Armour
 b - a +0 scale mail (worn)
 c - a +0 buckler (worn)
Jewellery
 g - a ring of ice (left hand)
Scrolls
 h - a scroll of fear
Potions
 d - a potion of might
 f - a potion of mutation
 k - a potion of flight


   Skills:
 * Level 4.2 Fighting
 * Level 3.1 Polearms
 * Level 0.9 Throwing
 * Level 4.1 Armour
 * Level 0.9 Dodging
 * Level 4.3 Shields


You had 3 spell levels left.
You didn't know any spells.
Your spell library contained the following spells:

 Spells                   Type           Power      Damage    Failure   Level
 Fulminant Prism          Conj/Hex       0%         3d6       100%        4
 Iskenderun's Mystic Bla  Conj/Tloc      0%         2d3       100%        4
 Lee's Rapid Deconstruct  Erth           0%         3d5*      100%        5


Dungeon Overview and Level Annotations

Branches:
Dungeon (1/15)

Altars:


Innate Abilities, Weirdness & Mutations

You have a pair of horns on your head.
You reflexively headbutt those who attack you in melee.


Message History

The jackal closely misses you. The jackal bites you.
You block the jackal's attack.
You barely miss the jackal.
You headbutt the jackal, but do no damage.
The jackal is moderately wounded.
The jackal closely misses you. x2; The jackal barely misses you.
You furiously retaliate!
You headbutt the jackal, but do no damage.
You hit the jackal.
The jackal is almost dead.
The jackal closely misses you. You block the jackal's attack.
The jackal bites you.
You barely miss the jackal.
The jackal is almost dead.
The jackal bites you. You block the jackal's attack.
The jackal closely misses you.
You barely miss the jackal.
The jackal is almost dead.
The jackal bites you.
* * * LOW HITPOINT WARNING * * *
The jackal closely misses you. x2; You furiously retaliate!
You headbutt the jackal!
You kill the jackal!
The jackal bites you.
* * * LOW HITPOINT WARNING * * *
You closely miss the jackal.
You headbutt the jackal, but do no damage.
The jackal closely misses you.
You barely miss the jackal. The jackal barely misses you.
You furiously retaliate!
You headbutt the jackal, but do no damage.
The jackal pauses to sniff the ground.
The jackal bites you.
* * * LOW HITPOINT WARNING * * *
You hit the jackal but do no damage. You headbutt the jackal.
The jackal is almost dead.
The jackal bites you.
* * * LOW HITPOINT WARNING * * *
The jackal bites you.
You die...

#.### #..# #.# #.##.###.... #.#
##.# #.#####.##.# #.#P. #.#
###.#####..........# ##### #.#
#.................## #.# # ..#
#.###'#######'###.####.###
.#######.#..⌠...>...⌠..#.......##
.##......#......<...)..#.####..#
.##.##...'⌠....###....⌠'.......#
.....##..#.....†@......#)..###.#
.##..###.#######h#######..## #.#
÷##..# #.#.....JrJ.....#..# #.#
÷##..# #.#....$.r......#..# #.#
.....# #.#.............#..# #.#
..##.###.###############.## #.#
..##.#.#.................#####.#
..##..#.##.#......#............#
.....###......).....##..########


You could see 2 endoplasms, a jackal and 2 rats.

Vanquished Creatures
  A jelly (D:1)
  A gnoll (D:1)
  A dart slug (D:1)
  3 bats (D:1)
  An endoplasm (D:1)
  5 giant cockroaches (D:1)
  A goblin (D:1)
  A hobgoblin (D:1)
  A jackal (D:1)
  7 ball pythons (D:1)
  2 kobolds (D:1)
  5 rats (D:1)
29 creatures vanquished.

Notes
Turn   | Place    | Note
-------+----------+-------------------------------------------
     0 | D:1      | Earthwalker the Minotaur Fighter began the quest for the
                  | Orb.
     0 | D:1      | Reached XP level 1. HP: 19/19 MP: 0/0
     0 | D:1      | Noticed a jelly
     1 | D:1      | Found a runed translucent door.
   251 | D:1      | Reached XP level 2. HP: 27/27 MP: 1/1
   547 | D:1      | Reached XP level 3. HP: 5/33 MP: 2/2
  1114 | D:1      | Reached XP level 4. HP: 18/40 MP: 3/3
  1123 | D:1      | Slain by a jackal

Illustrated notes

Levels and vault maps discovered:
D:1:      dpeg_arrival_caged_fury, layout_loops_ring, minmay_shallow_snake_nest

Skill      XL: |  1  2  3 |
---------------+----------+-----
Shields        | 4 |  4.3
Fighting       | 4 |  4.2
Polearms       | 3 |  3.1
Armour         | 4 |  4.1
Throwing       | |  0.9
Dodging        | |  0.9

Action                   |  1- 3 |  4- 6 || total
-------------------------+-------+-------++-------
Melee: Trident           |    69 |    10 ||    79
       Headbutt          |    10 |     3 ||    13
  Use: Scroll            |     5 |       ||     5
Armor: Scale mail        |    21 |       ||    21
Dodge: Dodged            |    16 |    10 ||    26
Block: Buckler           |    14 |     3 ||    17
